Map: Submarine LE

Players

Reynor - Winner!

  • Race: Zerg Zerg
  • Spawn Location: 5:00

ByuN

  • Race: Terran Terran
  • Spawn Location: 11:00

Event: ASUS ROG Online 2020

VOD

Have the link to the VOD?

Description

Time

  • Played on: Nov. 27, 2020, 12:39 p.m.
  • Length: 22:18

All games in this series

Show
View Real Time Build Order
Export as new Build Order

Reynor Zerg - Winner!

Build Orders: Pool First, Lurkers 

Get SALT Encoding   

  12  0:00  Drone  
  13  0:12  Overlord  
  13  0:16  Drone  
  14  0:31  Drone x2  
  16  0:40  Spawning Pool  
  15  0:44  Drone  
  15  0:47  Drone  
  17  1:08  Hatchery  
  17  1:10  Drone  
  17  1:14  Extractor  
  17  1:18  Drone  
  17  1:26  Zergling x2  
  17  1:28  Zergling x2  
  19  1:33  Roach Warren  
  19  1:39  Drone  
  19  1:46  Queen  
  21  1:56  Overlord  
  21  2:14  Roach x2  
  25  2:20  Roach  
  27  2:23  Roach  
  27  2:29  Queen  
  31  2:36  Roach  
  32  2:44  Drone x2  
  32  2:48  Overlord  
  33  2:55  Ravager  
  33  2:56  Drone  
  35  2:58  Drone  
  36  3:08  Drone x3  
  39  3:16  Overlord  
  40  3:20  Ravager  
  40  3:23  Drone x2  
  40  3:26  Drone  
  43  3:37  Drone x2  
  39  3:42  Drone x3  
  39  3:46  Drone  
  41  3:49  Drone  
  44  3:57  Metabolic Boost  
  44  3:59  Drone x2  
  44  4:01  Overlord  
  44  4:04  Overlord  
  44  4:13  Hatchery  
  44  4:15  Drone  
  44  4:20  Queen  
  46  4:25  Drone x3  
  46  4:28  Zergling x4  
  51  4:39  Zergling x6  
  51  4:42  Overlord  
  51  4:43  Queen  
  51  4:45  Drone x2  
  54  4:47  Extractor  
  54  4:49  Zergling x4  
  54  4:52  Drone  
  56  4:54  Spore Crawler  
  56  4:57  Drone x2  
  57  5:01  Drone  
  57  5:04  Drone  
  59  5:08  Drone  
  59  5:09  Evolution Chamber x2  
  59  5:12  Spore Crawler  
  57  5:16  Drone x2  
  57  5:20  Overlord  
  59  5:21  Drone x2  
  59  5:25  Drone x2  
  59  5:27  Queen  
  65  5:31  Drone x3  
  65  5:34  Zergling x2  
  68  5:36  Zerg Melee Weapons Level 1  
  68  5:41  Queen  
  70  5:44  Zerg Ground Armor Level 1  
  70  5:48  Drone x3  
  73  5:54  Spore Crawler  
  73  5:55  Lair  
  72  5:58  Drone  
  72  5:59  Zergling x6  
  72  6:01  Drone  
  72  6:02  Drone  
  77  6:08  Zergling x2  
  77  6:09  Queen  
  79  6:12  Zergling x4  
  79  6:13  Overlord  
  81  6:22  Queen  
  81  6:23  Zergling x2  
  81  6:24  Zergling x2  
  81  6:25  Zergling x8  
  81  6:27  Zergling x2  
  81  6:30  Zergling x8  
  67  6:40  Zergling x6  
  67  6:44  Drone x2  
  67  6:45  Queen  
  70  6:47  Spore Crawler  
  70  6:49  Drone  
  70  6:52  Drone  
  70  6:54  Overseer  
  67  7:00  Drone x5  
  70  7:02  Zergling x6  
  70  7:07  Queen  
  74  7:10  Drone  
  74  7:13  Drone, Baneling Nest  
  74  7:15  Drone  
  75  7:18  Overseer  
  75  7:24  Zergling x4  
  75  7:25  Zergling x6  
  75  7:26  Drone  
  67  7:32  Drone  
  67  7:33  Drone x3  
  67  7:36  Drone x2  
  68  7:40  Extractor  
  68  7:41  Zerg Ground Armor Level 2  
  68  7:45  Drone  
  68  7:48  Drone  
  68  7:49  Drone  
  70  7:54  Drone  
  70  7:57  Drone  
  71  8:01  Zerg Melee Weapons Level 2  
  71  8:03  Queen  
  71  8:05  Drone  
  74  8:07  Drone x2  
  74  8:08  Hatchery, Drone  
  74  8:09  Drone  
  74  8:10  Drone  
  78  8:13  Drone x2  
  78  8:14  Drone  
  78  8:22  Drone x2  
  78  8:23  Zergling x8, Extractor x2  
  78  8:26  Centrifical Hooks  
  82  8:28  Zergling x2  
  82  8:33  Zergling x4  
  85  8:39  Drone x4  
  89  8:44  Overlord  
  89  8:46  Baneling x3  
  89  8:48  Overlord  
  87  8:56  Zergling x4  
  87  8:57  Baneling  
  87  8:58  Baneling  
  87  9:00  Overlord x2  
  89  9:03  Zergling x8  
  89  9:04  Zergling x6  
  96  9:10  Baneling x4  
  96  9:11  Zergling x6  
  96  9:12  Overseer  
  96  9:14  Zergling x4  
  101  9:19  Zergling x2  
  101  9:20  Pneumatized Carapace  
  101  9:21  Zergling x2  
  103  9:25  Zergling x4  
  103  9:28  Zergling x2  
  103  9:30  Queen  
  108  9:33  Drone  
  108  9:38  Baneling x15  
  109  9:40  Hatchery, Baneling  
  109  9:42  Zergling x12  
  114  9:46  Drone x3  
  114  9:48  Zergling x4  
  114  9:51  Zergling x2  
  120  9:53  Zergling x4  
  120  9:58  Overlord  
  122  10:04  Zergling x2  
  122  10:05  Zergling x4  
  121  10:07  Zergling x6  
  121  10:08  Queen  
  121  10:13  Zergling x2  
  122  10:15  Drone x2  
  122  10:17  Drone  
  122  10:18  Hydralisk Den, Extractor  
  123  10:21  Baneling x8  
  123  10:22  Zergling x6  
  123  10:25  Zergling x4  
  123  10:32  Zergling x2  
  123  10:33  Zergling x4  
  123  10:34  Zergling x2  
  107  10:38  Drone  
  107  10:40  Extractor  
  107  10:43  Baneling x6  
  107  10:44  Queen  
  107  10:45  Drone x2  
  107  10:46  Drone x4  
  107  10:48  Overlord, Extractor  
  107  10:49  Hydralisk x5  
  114  10:56  Hydralisk x3  
  122  11:02  Hydralisk  
  122  11:03  Zergling x4  
  127  11:05  Hydralisk  
  127  11:11  Extractor  
  128  11:12  Zergling x4  
  128  11:14  Drone  
  128  11:15  Drone  
  128  11:18  Drone x9, Infestation Pit  
  141  11:19  Drone  
  141  11:20  Drone x2  
  141  11:24  Zergling x6, Lurker Den  
  145  11:30  Hydralisk  
  146  11:34  Zergling x2  
  146  11:35  Zerg Missile Weapons Level 1  
  146  11:36  Drone  
  146  11:38  Muscular Augments  
  146  11:39  Zergling x2  
  149  11:41  Overlord  
  149  11:44  Spore Crawler  
  148  11:53  Baneling x6  
  148  11:56  Drone, Hive  
  148  11:58  Baneling x4  
  148  11:59  Overlord  
  149  12:02  Spore Crawler  
  149  12:05  Zergling x18  
  149  12:07  Overlord  
  157  12:10  Hydralisk  
  157  12:11  Zergling x2  
  157  12:13  Overlord  
  156  12:20  Zergling x2  
  156  12:21  Zergling x18  
  165  12:27  Drone x5  
  165  12:28  Queen, Drone  
  166  12:30  Lurker x2  
  166  12:31  Hydralisk, Lurker  
  166  12:32  Zergling x6  
  167  12:37  Hydralisk  
  167  12:45  Hydralisk  
  167  12:46  Zergling x10  
  167  12:47  Hydralisk x2  
  167  12:48  Zergling x4  
  154  12:55  Zergling x6, Hydralisk x3  
  154  12:56  Zergling x2  
  164  13:08  Hydralisk  
  164  13:09  Zergling x14  
  160  13:13  Hydralisk  
  160  13:14  Zergling x6  
  160  13:15  Lurker x3  
  160  13:16  Seismic Spines, Lurker x2  
  160  13:17  Drone  
  171  13:22  Baneling x5  
  171  13:25  Queen  
  173  13:27  Drone  
  173  13:29  Drone x4  
  173  13:30  Extractor  
  173  13:31  Hydralisk, Spore Crawler  
  173  13:32  Zergling x4, Extractor  
  179  13:36  Drone x2  
  179  13:38  Zergling x2  
  179  13:39  Overlord x2, Spore Crawler  
  179  13:40  Spore Crawler  
  180  13:46  Lurker x2  
  182  13:49  Overlord  
  179  13:56  Drone x3  
  179  14:02  Hydralisk  
  182  14:03  Zergling x26  
  182  14:06  Overlord x3  
  197  14:13  Adaptive Talons  
  197  14:14  Zergling x4  
  185  14:19  Hydralisk x2  
  185  14:20  Zergling x4  
  188  14:24  Zerg Ground Armor Level 3  
  188  14:25  Zerg Melee Weapons Level 3  
  188  14:31  Drone x4  
  188  14:36  Extractor  
  191  14:39  Zergling x18  
  191  14:43  Baneling x11  
  200  14:55  Zergling x2  
  200  14:58  Hatchery  
  193  15:07  Hydralisk  
  193  15:08  Zergling x16  
  193  15:12  Hydralisk  
  193  15:13  Zergling x14  
  199  15:14  Hydralisk  
  200  15:33  Zergling x14  
  198  15:40  Zergling x8, Hydralisk  
  198  15:41  Zergling x2  
  195  15:52  Zergling x20  
  192  15:58  Lurker x4  
  192  16:04  Zergling x2, Hydralisk  
  196  16:07  Overseer  
  186  16:15  Hydralisk  
  186  16:16  Zergling x28  
  183  16:18  Hydralisk x3  
  183  16:22  Zergling x8  
  183  16:23  Lurker x2  
  185  16:28  Zergling x4  
  189  16:33  Lurker  
  189  16:34  Viper  
  189  16:35  Viper x2  
  189  16:37  Zergling x4  
  198  16:44  Overseer  
  196  16:49  Hydralisk  
  196  16:50  Zergling x8  
  196  16:51  Zergling x2  
  196  16:53  Hydralisk  
  196  16:54  Hydralisk x4  
  182  16:55  Hatchery  
  182  17:01  Hydralisk x2  
  170  17:08  Hatchery  
  170  17:12  Hydralisk  
  170  17:13  Zergling x10  
  167  17:16  Hydralisk x2  
  167  17:22  Zergling x2  
  173  17:23  Lurker x3  
  173  17:24  Lurker x7  
  173  17:27  Hydralisk, Hatchery  
  173  17:28  Zergling x4  
  184  17:30  Hydralisk  
  184  17:32  Queen  
  184  17:35  Hydralisk  
  184  17:36  Zergling x10  
  191  17:38  Hydralisk  
  191  17:39  Zergling x2  
  190  17:45  Lurker x5  
  190  17:47  Hydralisk  
  190  17:48  Zergling x4  
  190  17:52  Hydralisk  
  190  17:53  Zergling x2  
  190  17:55  Hydralisk  
  189  18:04  Lurker x3  
  189  18:05  Lurker  
  193  18:06  Extractor  
  193  18:08  Zergling x14  
  193  18:12  Zergling x2, Hydralisk  
  199  18:18  Zergling x2  
  197  18:21  Hydralisk  
  197  18:22  Zergling x2  
  197  18:23  Hydralisk  
  192  18:27  Hydralisk  
  192  18:32  Zergling x4  
  192  18:33  Hydralisk  
  194  18:38  Zergling x2  
  182  18:47  Hydralisk  
  183  18:48  Zergling x6  
  183  18:53  Zergling x4  
  179  19:02  Hydralisk x3  
  168  19:03  Zergling x12  
  168  19:08  Hydralisk  
  168  19:09  Zergling x2  
  159  19:12  Hydralisk  
  159  19:13  Zergling x2  
  149  19:17  Zergling x2, Hydralisk  
  149  19:23  Zergling x2, Hydralisk  
  146  19:39  Lurker x4  
  146  19:40  Hydralisk x3, Hatchery, Lurker x3  
  146  19:41  Zergling x6  
  161  19:50  Hydralisk x3  
  161  19:51  Hydralisk  
  169  20:02  Hydralisk  
  169  20:04  Hatchery  
  166  20:18  Hydralisk  
  166  20:19  Hydralisk x3  
  171  20:25  Spore Crawler  
  167  20:29  Lurker x3  
  170  20:41  Hydralisk x2  
  167  20:48  Lurker  
  166  20:50  Lurker  
  167  21:10  Hydralisk  
  150  21:23  Hydralisk x2  
  152  21:32  Hydralisk x2  
  150  21:47  Hydralisk x4  
  145  21:55  Zergling x2  
Show
View Real Time Build Order
Export as new Build Order

ByuN Terran 

Build Orders: Reaper Expand 

Get SALT Encoding   

  12  0:00  SCV  
  13  0:13  SCV  
  14  0:17  Supply Depot  
  14  0:25  SCV  
  15  0:38  SCV  
  15  0:39  Barracks  
  16  0:44  Refinery  
  16  0:50  SCV  
  17  1:03  SCV  
  18  1:15  SCV  
  19  1:26  Reaper  
  19  1:27  Orbital Command  
  20  1:38  Command Center  
  20  1:48  Supply Depot  
  20  1:52  SCV  
  21  1:58  Marine  
  22  2:05  SCV  
  22  2:07  Factory  
  23  2:16  Marine  
  23  2:17  SCV  
  24  2:29  SCV  
  24  2:34  Marine  
  25  2:41  SCV  
  25  2:42  Bunker  
  26  2:49  Refinery  
  26  2:51  Factory Tech Lab, Marine  
  26  2:56  SCV  
  28  3:08  SCV  
  28  3:10  Cyclone, Marine  
  28  3:11  Orbital Command  
  33  3:20  SCV  
  33  3:21  Supply Depot  
  34  3:31  Starport  
  34  3:34  SCV  
  34  3:38  SCV  
  32  3:46  SCV  
  32  3:50  SCV  
  32  3:53  Cyclone  
  36  3:57  Barracks Reactor  
  36  3:59  SCV  
  37  4:03  SCV  
  38  4:11  Supply Depot, SCV, Viking  
  38  4:15  SCV  
  42  4:23  SCV  
  42  4:24  Supply Depot  
  43  4:27  SCV  
  44  4:35  SCV  
  45  4:39  SCV  
  45  4:47  SCV  
  45  4:51  SCV  
  45  4:52  Banshee, Cloaking Field  
  51  4:53  Hellion x2  
  51  4:58  Supply Depot  
  51  4:59  Marine  
  56  5:00  SCV  
  56  5:03  SCV  
  57  5:12  SCV  
  62  5:14  Hellion x2  
  62  5:15  SCV  
  62  5:18  Marine  
  64  5:22  Armory  
  64  5:24  SCV  
  64  5:27  SCV  
  66  5:32  Command Center  
  66  5:35  Supply Depot  
  66  5:36  Banshee, Hellion x2  
  66  5:39  Barracks Tech Lab  
  73  5:47  SCV x2  
  73  5:49  Supply Depot  
  75  5:57  Hellion x2  
  75  5:59  Stimpack, Marine  
  75  6:01  Barracks  
  80  6:07  SCV x2  
  80  6:08  Barracks  
  82  6:15  Engineering Bay  
  82  6:17  Engineering Bay  
  82  6:19  SCV x2  
  82  6:25  Hellion x2, Marine  
  83  6:31  SCV x2  
  80  6:36  Banshee  
  81  6:43  Refinery  
  81  6:44  Refinery  
  81  6:45  SCV  
  81  6:46  Hellion, SCV, Marine  
  81  6:47  Orbital Command  
  74  6:57  Hellion  
  78  7:03  Terran Infantry Armor Level 1, Terran Infantry Weapons Level 1  
  78  7:07  Orbital Command  
  78  7:08  Hellion  
  78  7:12  Marine  
  78  7:13  Barracks Reactor  
  78  7:14  Barracks Reactor  
  79  7:16  Barracks x2  
  79  7:19  Hellion  
  81  7:29  Starport Reactor  
  73  7:31  Marine  
  73  7:32  SCV x2  
  71  7:37  Terran Vehicle And Ship Armor Level 1  
  71  7:46  SCV  
  71  7:47  SCV  
  71  7:48  Hellion x2  
  71  7:49  Marine  
  75  7:53  Marine  
  75  7:54  Marine x3  
  79  7:59  Hellion, SCV x2  
  79  8:01  Combat Shield  
  81  8:07  Marine  
  81  8:10  Barracks Reactor x2, Medivac x2  
  81  8:11  SCV x2, Marine x2  
  81  8:12  Marine x2  
  92  8:13  SCV  
  92  8:17  Supply Depot  
  93  8:23  SCV x2  
  93  8:24  Marine  
  93  8:25  Factory, SCV  
  97  8:29  Marine x4  
  97  8:32  Widow Mine x2  
  105  8:35  Supply Depot  
  105  8:36  Supply Depot, SCV x2  
  105  8:37  SCV  
  105  8:40  Medivac x2  
  112  8:42  Marine  
  112  8:47  Hellion x6, Marine x4  
  117  8:48  Supply Depot  
  117  8:57  Widow Mine x2  
  117  8:59  Supply Depot  
  117  9:00  Supply Depot, Marine  
  117  9:02  Refinery  
  119  9:05  Terran Infantry Armor Level 2, Marine  
  119  9:07  Terran Infantry Weapons Level 2  
  120  9:10  Factory Tech Lab  
  120  9:15  Marine x3  
  120  9:16  Marine x4  
  127  9:18  Marine  
  127  9:21  Widow Mine x2  
  132  9:27  Medivac, Supply Depot  
  134  9:33  Drilling Claws  
  134  9:36  Marauder  
  136  9:39  Command Center, Marine x5  
  136  9:41  Marine  
  136  9:42  Widow Mine  
  136  9:43  Widow Mine  
  146  9:51  Widow Mine  
  148  9:56  Supply Depot  
  148  9:57  Supply Depot  
  148  9:59  Marine  
  148  10:00  Marine x5  
  148  10:01  Marauder  
  148  10:04  Widow Mine x2  
  148  10:07  Medivac x2  
  154  10:08  Marine  
  154  10:12  Widow Mine, Marine  
  151  10:17  Marine x2  
  151  10:18  Marine x3  
  156  10:25  Widow Mine x2  
  126  10:36  Marine x4  
  126  10:37  Medivac x2, Marauder, Marine x2  
  126  10:38  Marine  
  133  10:46  Terran Vehicle And Ship Armor Level 2  
  133  10:48  Widow Mine x3  
  139  10:53  Marine x2  
  139  10:54  Marine x2  
  131  10:59  Marauder  
  127  11:06  Liberator  
  127  11:07  Marine x2  
  127  11:09  Widow Mine x2  
  127  11:10  Marine x3  
  135  11:15  Barracks  
  135  11:16  Barracks  
  135  11:17  Barracks  
  135  11:19  Widow Mine  
  135  11:20  Marauder  
  135  11:23  Concussive Shells  
  135  11:24  Marine x3  
  142  11:32  SCV x2  
  144  11:33  SCV  
  144  11:36  Marine x4  
  144  11:37  Marine  
  150  11:42  Marauder, Widow Mine  
  150  11:43  Widow Mine  
  150  11:45  Planetary Fortress  
  156  11:51  SCV x3  
  156  11:53  Terran Infantry Weapons Level 3  
  159  11:59  Terran Infantry Armor Level 3  
  159  12:03  Marauder  
  159  12:06  Barracks Tech Lab  
  161  12:08  Barracks Tech Lab  
  161  12:09  Barracks Tech Lab, Marine x4  
  161  12:11  Widow Mine x2  
  161  12:14  Widow Mine  
  162  12:19  Marine  
  162  12:20  Marine x3  
  166  12:24  Marauder  
  166  12:27  Marauder x3, Marine x3  
  166  12:28  Marine  
  171  12:33  Widow Mine  
  163  12:37  Marine  
  163  12:38  Widow Mine x2  
  163  12:41  Marine x2  
  167  12:46  Marauder  
  167  12:47  Marine x2  
  167  12:49  Marauder x3  
  167  12:50  Medivac x2  
  167  12:51  Marine  
  167  12:52  Marine x2  
  167  12:54  Widow Mine  
  167  12:55  Marine  
  172  12:59  Command Center, Widow Mine, Marine  
  173  13:06  Marine x3  
  173  13:07  Marauder  
  173  13:09  Marine x3  
  173  13:10  Marauder x3  
  175  13:15  Marine  
  171  13:20  Marine  
  171  13:24  Marine x2  
  174  13:28  Marauder  
  174  13:31  Marauder, Marine x2  
  174  13:32  Marauder x2, Marine  
  185  13:34  Marine x2  
  185  13:40  Refinery  
  187  13:47  Marine x3  
  191  13:49  Marine  
  191  13:50  Marauder  
  191  13:53  Marauder  
  196  14:05  Widow Mine x2  
  196  14:10  Marine x2  
  196  14:11  Widow Mine  
  196  14:12  Marauder x2  
  196  14:16  Marine x2  
  196  14:18  Marauder x2, Marine x2  
  196  14:19  Marine  
  184  14:24  Marine  
  184  14:27  Command Center  
  184  14:28  Marine  
  184  14:29  Command Center  
  190  14:32  Widow Mine  
  190  14:33  Medivac x2, Marauder  
  190  14:34  Marauder  
  200  14:39  Terran Vehicle Weapons Level 1, Marauder  
  200  14:44  Refinery  
  200  14:45  SCV x3, Refinery  
  199  14:57  SCV  
  199  14:58  Planetary Fortress  
  198  15:11  Siege Tank x2  
  194  15:15  Medivac x2  
  194  15:17  Marauder  
  200  15:26  Armory  
  195  15:35  Marauder x2  
  195  15:36  Marauder, Marine  
  195  15:37  Marine x2  
  195  15:38  Marine  
  195  15:41  Orbital Command  
  198  15:45  SCV x2  
  198  15:49  SCV x2  
  192  15:52  Marine x2  
  192  15:53  Marine x4  
  192  15:54  Siege Tank x2  
  192  15:55  Marine  
  192  15:58  Marauder x3  
  192  16:00  Orbital Command  
  196  16:05  Marine x2  
  196  16:06  Medivac  
  196  16:10  Marine x2  
  199  16:11  Marauder  
  199  16:16  Marine  
  199  16:17  Marine  
  190  16:19  Marauder  
  190  16:20  Marauder x2  
  190  16:25  Marine x4  
  191  16:26  Siege Tank x2  
  191  16:28  Marine x2  
  199  16:34  Marine  
  198  16:41  Marauder  
  195  16:56  Marauder x2  
  195  16:58  Siege Tank x2  
  195  17:04  Marauder x2, Marine  
  195  17:05  Marine  
  195  17:06  Marine x4  
  185  17:18  Medivac x2, Marauder x2  
  190  17:23  Marine x3  
  190  17:24  Marine x2  
  195  17:30  Siege Tank  
  190  17:45  Siege Tank  
  190  17:48  Medivac x2  
  190  17:49  Marine  
  190  17:50  Marine  
  189  17:52  Marauder x2  
  189  17:53  Marine x3  
  189  17:58  Marauder x2, Marine x3  
  194  18:03  Siege Tank  
  197  18:07  Marine x2  
  197  18:14  Marauder  
  197  18:17  Siege Tank  
  197  18:18  Orbital Command  
  197  18:19  Marine  
  200  18:26  Marauder, Marine  
  174  18:29  Marine  
  174  18:30  Marine  
  174  18:31  Marauder x2  
  167  18:35  Marauder, Siege Tank  
  162  18:41  Liberator x2  
  162  18:47  Marauder  
  162  18:48  Marine  
  166  18:52  Marauder x2  
  161  18:56  Marauder  
  161  18:57  Factory Tech Lab  
  161  18:58  Marine x4  
  161  18:59  Marine x3  
  163  19:05  Marine  
  163  19:07  Siege Tank  
  163  19:09  Marauder  
  151  19:14  Marauder x2  
  151  19:16  Marine x3  
  147  19:18  Marauder  
  147  19:19  Marine  
  147  19:22  Orbital Command  
  142  19:25  Liberator  
  142  19:29  Marine x2  
  142  19:30  Marauder  
  144  19:35  Marauder x2  
  144  19:37  Orbital Command  
  148  19:39  Marauder, Siege Tank, Marine x2  
  155  19:51  Marauder  
  157  20:01  Marauder x3  
  157  20:04  Marine x7  
  157  20:05  Marine  
  171  20:08  Factory Tech Lab  
  171  20:11  Siege Tank  
  160  20:19  Marauder  
  158  20:22  Marauder x2  
  162  20:41  Marauder  
  163  20:48  Marauder  
  162  20:50  Siege Tank  
  152  21:06  Marauder x2  
  152  21:07  Marauder, Marine x4  
  162  21:14  Marauder  
  153  21:20  Marine  
  153  21:21  Marine x2  
  153  21:24  Marine  
  153  21:28  Marauder x2  
  153  21:29  Marauder  
Tags
 
Add a new tag
Caveats
  • Supply blocks, unpowered buildings, or Contaminate may cause inaccurate times.
  • Supply counts are checked every 10 seconds.